 Dungeon Crawl Stone Soup version 0.29-a0-559-g359e09b9d1 (webtiles) character file.

Game seed: 7487498514452217509

685 spaghetti the Shield-Bearer (level 7, -2/56 HPs)
             Began as a Gnoll Wanderer on June 9, 2022.
             Was an Initiate of Cheibriados.
             Slain by a gnoll shaman
             ... wielding a +0 whip
              (9 damage)
             ... on level 6 of the Dungeon.
             The game lasted 00:07:19 (5661 turns).

spaghetti the Shield-Bearer (Gnoll Wanderer)        Turns: 5661, Time: 00:07:19

Health: -2/56      AC:  6    Str:  9    XL:     7   Next: 62%
Magic:  0/12       EV: 13    Int: 13    God:    Cheibriados [......]
Gold:   308        SH:  7    Dex: 23    Spells: 8/13 levels left

rFire   . . .      SeeInvis .   l - +0 dagger (vamp) {short}
rCold   . . .      Faith    .   f - +0 buckler {AC+3}
rNeg    . . .      Spirit   +   e - +0 robe
rPois   .          Reflect  .   b - +0 helmet
rElec   .          Harm     .   (no cloak)
rCorr   .          Rampage  .   (no gloves)
Will    .....                   (no boots)
Stlth   +++.......              t - amulet of guardian spirit
HPRegen 0.18/turn               v - +6 ring of dexterity
MPRegen 0.13/turn               (no ring)

@: very slow
A: fangs 1, strong nose, distributed training
a: Renounce Religion


You were on level 6 of the Dungeon.
You worshipped Cheibriados.
Cheibriados was noncommittal.
You visited 1 branch of the dungeon, and saw 6 of its levels.

You collected 308 gold pieces.


Innate Abilities, Weirdness & Mutations

You have very sharp teeth.
Your uncanny sense of smell can sniff out nearby items.
Your experience applies equally to all skills.


   Skills:
 + Level 5.3 Fighting
 + Level 2.6 Short Blades
 + Level 2.6 Long Blades
 + Level 2.6 Axes
 + Level 2.6 Maces & Flails
 + Level 2.6 Polearms
 + Level 2.6 Staves
 + Level 2.6 Slings
 + Level 2.6 Bows
 + Level 2.6 Crossbows
 + Level 2.6 Throwing
 + Level 2.6 Armour
 + Level 2.6 Dodging
 + Level 5.0 Stealth
 + Level 7.1 Shields
 + Level 2.6 Unarmed Combat
 + Level 3.9 Spellcasting
 + Level 2.1 Conjurations
 + Level 2.1 Hexes
 + Level 2.1 Summonings
 + Level 2.1 Necromancy
 + Level 2.1 Translocations
 + Level 2.1 Transmutations
 + Level 2.1 Fire Magic
 + Level 2.1 Ice Magic
 + Level 2.1 Air Magic
 + Level 4.4 Earth Magic
 + Level 2.1 Poison Magic
 + Level 2.9 Invocations
 + Level 2.6 Evocations


You had 8 spell levels left.
You knew the following spells:

 Your Spells              Type           Power      Damage    Failure   Level
a - Sandblast             Erth           26%        2d8       4%          1
b - Ice Form              Ice/Tmut       8%         N/A       71%         4

Your spell library contained the following spells:

 Spells                   Type           Power      Damage    Failure   Level
 Shock                    Conj/Air       32%        1d5       11%         1
 Slow                     Hex            32%        N/A       11%         1
 Stone Arrow              Conj/Erth      22%        3d8       21%         3
 Confusing Touch          Hex            8%         N/A       32%         3
 Frozen Ramparts          Ice            16%        1d3       32%         3
 Swiftness                Air            8%         N/A       32%         3
 Tukima's Dance           Hex            8%         N/A       32%         3
 Vampiric Draining        Necr           8%         2d6       32%         3
 Airstrike                Air            4%         N/A       71%         4
 Passage of Golubria      Tloc           8%         N/A       71%         4
 Summon Ice Beast         Ice/Summ       8%         N/A       71%         4
 Yara's Violent Unravell  Hex/Tmut       4%         3d4       96%         5

Inventory:

Hand Weapons
 a - a +0 dagger of flaming {short}
 l - a +0 vampiric dagger (weapon) {short}
   (You took it off a kobold on level 1 of the Dungeon)
Missiles
 d - 104 stones {throwing}
 k - 2 poisoned darts {throwing}
 s - 5 curare-tipped darts {=fthrowing}
 w - a boomerang {throwing}
Armour
 b - a +0 helmet (worn)
 e - a +0 robe (worn)
 f - a +0 buckler of protection (worn)
 j - an orb of guile
   (You found it on level 1 of the Dungeon)
Jewellery
 i - a ring of protection from cold
   (You found it on level 2 of the Dungeon)
 r - a ring of protection from fire
   (You found it on level 4 of the Dungeon)
 t - an amulet of guardian spirit (around neck)
   (You found it on level 3 of the Dungeon)
 v - a +6 ring of dexterity (left hand)
   (You found it on level 3 of the Dungeon)
Scrolls
 h - a scroll of vulnerability {!r!r}
 p - 2 scrolls of amnesia
 q - a scroll of enchant weapon
 z - 2 scrolls of enchant armour {unknown}
Potions
 c - 2 potions of brilliance
 g - 3 potions of resistance
 m - 3 potions of flight
 n - 3 potions of haste {@q3}

Dungeon Overview and Level Annotations

Branches:
Dungeon (6/15)             Temple (0/1) D:5

Altars:
Ashenzari
Cheibriados
Nemelex Xobeh
Uskayaw
Xom

#.# ... #.# ....
#†###########....
#.....#..........
#####.#..........
#.#..)....#
#.#.......#
#.#Y......#
#g@g.........
###.......###
.........#
###########


You could see an ice beast (inner flame), a gnoll shaman (inner flame) and a
gnoll (fast, inner flame).


Message History

Aim: an ice beast (79% to hit)
The blast of sand hits the ice beast.
The ice beast hits you but does no damage.
The gnoll misses you. The gnoll shaman misses you. 😮 MP[-1]
You lost 1 mp, and now have 6/12 mp.
Casting: Sandblast (safe; 4% risk of failure)
Confirm with . or Enter, or press ? or * to list all spells.
Aiming: Sandblast (safe; 4% risk of failure)
Press: ? - help, Shift-Dir - straight line, f/p - ice beast
Aim: an ice beast (lightly wounded, 79% to hit)
The blast of sand misses the ice beast.
The ice beast hits you but does no damage.
The gnoll closely misses you.
The gnoll shaman barely misses you. 😮 MP[-1]
You lost 1 mp, and now have 5/12 mp.
Casting: Sandblast (safe; 4% risk of failure)
Confirm with . or Enter, or press ? or * to list all spells.
Aiming: Sandblast (safe; 4% risk of failure)
Press: ? - help, Shift-Dir - straight line, f/p - ice beast
Aim: an ice beast (lightly wounded, 79% to hit)
The blast of sand hits the ice beast but does no damage.
The ice beast closely misses you. The gnoll hits you but does no damage.
The gnoll shaman hits you with a +0 whip!
Your magical contamination has completely faded away. 😮 HP[-7] MP[-1]
You take 7 damage, and now have 35/56 hp.
You lost 1 mp, and now have 4/12 mp.
Casting: Sandblast (safe; 4% risk of failure)
Confirm with . or Enter, or press ? or * to list all spells.
Aiming: Sandblast (safe; 4% risk of failure)
Press: ? - help, Shift-Dir - straight line, f/p - ice beast
Aim: an ice beast (lightly wounded, 79% to hit)
The blast of sand hits the ice beast.
The ice beast hits you. The ice beast freezes you!
* * * LOW HITPOINT WARNING * * *
The gnoll hits you with a +0 whip.
* * * LOW HITPOINT WARNING * * *
The gnoll shaman closely misses you. 😨 HP[-16] MP[-3]
You take 16 damage, and now have 19/56 hp.
MASSIVE DAMAGE!! (PAUSE)
You lost 3 mp, and now have 1/12 mp.
You feel much better. The ice beast closely misses you.
You block the gnoll's attack.
The gnoll shaman hits you with a +0 whip. 😮 HP[+22] MP[-1]
You regained 22 hp, and now have 41/56 hp.
You lost 1 mp, and now have 0/12 mp.
Okay, then.
The ice beast attacks as you move away! You block the ice beast's attack.
The gnoll shaman calls upon its god to speed up the gnoll.
The gnoll seems to speed up.
You block the ice beast's attack. The gnoll closely misses you.
The ice beast barely misses you.
There is an open door here.
The gnoll misses you. 😮 HP[+1] Unknown command.
You hit the gnoll. You bite the gnoll. The gnoll barely misses you.
You hit the gnoll. The gnoll barely misses you. 😮 MP[+1]
The ice beast misses you.
The gnoll shaman hits you but does no damage.
The gnoll hits you but does no damage. The gnoll shaman closely misses you.
The ice beast hits you. The ice beast freezes you!
There is an open door here. 😮 HP[-9] MP[-1]
You take 9 damage, and now have 33/56 hp.
You lost 1 mp, and now have 0/12 mp.
Unknown command.
You barely miss the gnoll. The gnoll hits you with a +0 whip.
The gnoll barely misses you. The ice beast hits you.
* * * LOW HITPOINT WARNING * * *
The ice beast freezes you!
* * * LOW HITPOINT WARNING * * *
You block the gnoll shaman's attack. 😨 HP[-13]
You take 13 damage, and now have 20/56 hp.
MASSIVE DAMAGE!! (PAUSE)
Okay, then.
As you read the scroll labelled UFEKKE NETRAJE, it crumbles to dust.
The creatures around you are filled with an inner flame!
It was a scroll of immolation.
The gnoll hits you with a +0 whip.
* * * LOW HITPOINT WARNING * * *
The ice beast hits you.
* * * LOW HITPOINT WARNING * * *
The ice beast freezes you!
* * * LOW HITPOINT WARNING * * *
The gnoll shaman hits you but does no damage. 😱 HP[-14]
You take 14 damage, and now have 6/56 hp.
MASSIVE DAMAGE!! (PAUSE)
As you read the scroll labelled SILIWEO VANUNN, it crumbles to dust.
It is a scroll of brand weapon.
Your +0 dagger {short} is engulfed in flames!
a - a +0 dagger of flaming {short} You block the gnoll's attack. x2; The ice beast barely misses you.
The gnoll shaman hits you with a +0 whip!
You die...

Skill      XL: |  1  2  3  4  5  6  7 |
---------------+----------------------+-----
Invocations    | 1 2 |  2.9
Short Blades   | 1 2 |  2.6
Long Blades    | 1 2 |  2.6
Axes           | 1 2 |  2.6
Maces & Flails | 1 2 |  2.6
Polearms       | 1 2 |  2.6
Staves         | 1 2 |  2.6
Slings         | 1 2 |  2.6
Bows           | 1 2 |  2.6
Crossbows      | 1 2 |  2.6
Throwing       | 1 2 |  2.6
Armour         | 1 2 |  2.6
Dodging        | 1 2 |  2.6
Unarmed Combat | 1 2 |  2.6
Evocations     | 1 2 |  2.6
Spellcasting   | 3 |  3.9
Conjurations   | 1 2 |  2.1
Hexes          | 1 2 |  2.1
Summonings     | 1 2 |  2.1
Necromancy     | 1 2 |  2.1
Translocations | 1 2 |  2.1
Transmutations | 1 2 |  2.1
Fire Magic     | 1 2 |  2.1
Ice Magic      | 1 2 |  2.1
Air Magic      | 1 2 |  2.1
Poison Magic   | 1 2 |  2.1
Earth Magic    | 4 |  4.4
Fighting       | 5 |  5.3
Shields        | 7 |  7.1
Stealth        | 5 |  5.0

Action                   |  1- 3 |  4- 6 |  7- 9 || total
-------------------------+-------+-------+-------++-------
Melee: Dagger            |   103 |   167 |    47 ||   317
       Bite              |     7 |    21 |     6 ||    34
 Cast: Sandblast         |    35 |    72 |    20 ||   127
  Use: Scroll            |     1 |       |     6 ||     7
       Potion            |     2 |     9 |     1 ||    12
 Stab: Sleeping          |    10 |    14 |     2 ||    26
Armor: Robe              |    36 |    36 |    20 ||    92
       Skin              |       |    19 |       ||    19
Dodge: Dodged            |    68 |   104 |    43 ||   215
Block: Buckler           |    11 |    57 |    25 ||    93

Levels and vault maps discovered:
D:1:      matt_arrival_spirals, layout_basic, minmay_misc_feat_five
D:2:      layout_rooms, ebering_ecumenical_altar_webs, dk_vineyard_2, uniq_robin
D:3:      layout_loops_ring, mainiacjoe_overflow_chevrons
D:4:      minmay_diamond_boxcup, layout_cave_pools,
          mainiacjoe_overflow_tiny_flanked, lemuel_tele_altar
D:5:      layout_gridville, kennysheep_little_box, ashenzari_altar_1,
          temple_pool_b
D:6:      layout_basic

Notes
Turn   | Place    | Note
-------+----------+-------------------------------------------
     0 | D:1      | spaghetti the Gnoll Wanderer began the quest for the Orb.
     0 | D:1      | spaghetti set off with the following items: a +0 dagger
                  | {short}, a +0 helmet, a potion of brilliance, 26 stones
                  | {throwing}, a +0 robe, a +0 buckler of protection; and the
                  | following spell memorised: Sandblast; and the following
                  | spells available to memorise: Stone Arrow
     0 | D:1      | Reached XP level 1. HP: 20/20 MP: 4/4
     0 | D:1      | magus.rc [v1.9.6]
   230 | D:1      | Reached XP level 2. HP: 20/26 MP: 0/5
   761 | D:1      | Reached XP level 3. HP: 31/31 MP: 7/7
   899 | D:1      | You pick up a book of Debilitation and begin reading...
   899 | D:1      | You add the spells Slow, Vampiric Draining and Confusing
                  | Touch to your library.
  1407 | D:2      | Noticed Robin
  1411 | D:2      | Reached skill level 1 in Invocations
  1528 | D:2      | Reached skill level 1 in Short Blades
  1528 | D:2      | Reached skill level 1 in Long Blades
  1528 | D:2      | Reached skill level 1 in Axes
  1528 | D:2      | Reached skill level 1 in Maces & Flails
  1528 | D:2      | Reached skill level 1 in Polearms
  1528 | D:2      | Reached skill level 1 in Staves
  1528 | D:2      | Reached skill level 1 in Slings
  1528 | D:2      | Reached skill level 1 in Bows
  1528 | D:2      | Reached skill level 1 in Crossbows
  1528 | D:2      | Reached skill level 1 in Throwing
  1528 | D:2      | Reached skill level 1 in Armour
  1528 | D:2      | Reached skill level 1 in Dodging
  1528 | D:2      | Reached skill level 1 in Unarmed Combat
  1528 | D:2      | Reached skill level 1 in Evocations
  1555 | D:3      | HP: 7/31 [Robin/+0 short sword (3)]
  1556 | D:3      | HP: 2/31 [Robin/+0 short sword (5)]
  1567 | D:3      | Killed Robin
  1568 | D:3      | Reached XP level 4. HP: 12/38 MP: 2/8
  1825 | D:2      | Found a faded altar of an unknown god.
  2000 | D:2      | Reached skill level 3 in Spellcasting
  2388 | D:3      | Found a sparkling altar of Nemelex Xobeh.
  2443 | D:3      | HP: 7/38 [iguana (7)]
  2444 | D:3      | HP: 3/38 [iguana (4)]
  2475 | D:3      | HP: 14/57 [iguana (6)]
  2487 | D:3      | Reached skill level 1 in Conjurations
  2487 | D:3      | Reached skill level 1 in Hexes
  2487 | D:3      | Reached skill level 1 in Summonings
  2487 | D:3      | Reached skill level 1 in Necromancy
  2487 | D:3      | Reached skill level 1 in Translocations
  2487 | D:3      | Reached skill level 1 in Transmutations
  2487 | D:3      | Reached skill level 1 in Fire Magic
  2487 | D:3      | Reached skill level 1 in Ice Magic
  2487 | D:3      | Reached skill level 1 in Air Magic
  2487 | D:3      | Reached skill level 1 in Poison Magic
  2821 | D:3      | Reached XP level 5. HP: 38/43 MP: 3/9
  3110 | D:3      | You pick up a book of Air and begin reading...
  3110 | D:3      | You add the spells Shock, Swiftness and Airstrike to your
                  | library.
  3344 | D:4      | Noticed an ogre
  3353 | D:4      | Killed an ogre
  3354 | D:4      | Reached skill level 4 in Earth Magic
  3354 | D:4      | Reached skill level 2 in Invocations
  3354 | D:4      | Reached XP level 6. HP: 45/50 MP: 3/10
  3434 | D:4      | You pick up a book of Rime and begin reading...
  3434 | D:4      | You add the spells Frozen Ramparts, Ice Form and Summon Ice
                  | Beast to your library.
  3452 | D:4      | Learned a level 4 spell: Ice Form
  3797 | D:4      | Found a snail-covered altar of Cheibriados.
  3831 | D:4      | Found a shimmering altar of Xom.
  4092 | D:4      | Reached skill level 5 in Fighting
  4241 | D:4      | Reached skill level 2 in Short Blades
  4241 | D:4      | Reached skill level 2 in Long Blades
  4241 | D:4      | Reached skill level 2 in Axes
  4241 | D:4      | Reached skill level 2 in Maces & Flails
  4241 | D:4      | Reached skill level 2 in Polearms
  4241 | D:4      | Reached skill level 2 in Staves
  4241 | D:4      | Reached skill level 2 in Slings
  4241 | D:4      | Reached skill level 2 in Bows
  4241 | D:4      | Reached skill level 2 in Crossbows
  4241 | D:4      | Reached skill level 2 in Throwing
  4241 | D:4      | Reached skill level 2 in Armour
  4241 | D:4      | Reached skill level 2 in Dodging
  4241 | D:4      | Reached skill level 2 in Unarmed Combat
  4241 | D:4      | Reached skill level 2 in Evocations
  4407 | D:4      | HP: 12/51 [scorpion (6)]
  4659 | D:4      | Became a worshipper of Cheibriados the Contemplative
  4680 | D:5      | Entered Level 5 of the Dungeon
  4768 | D:5      | Found a broken altar of Ashenzari.
  4787 | D:5      | Found a staircase to the Ecumenical Temple.
  4823 | D:5      | Reached XP level 7. HP: 56/56 MP: 12/12
  4949 | D:5      | Reached skill level 7 in Shields
  5034 | D:5      | You add the spells Tukima's Dance, Passage of Golubria and
                  | Yara's Violent Unravelling to your library.
  5125 | D:5      | Found a hide-covered altar of Uskayaw.
  5328 | D:5      | Reached skill level 2 in Conjurations
  5328 | D:5      | Reached skill level 2 in Hexes
  5328 | D:5      | Reached skill level 2 in Summonings
  5328 | D:5      | Reached skill level 2 in Necromancy
  5328 | D:5      | Reached skill level 2 in Translocations
  5328 | D:5      | Reached skill level 2 in Transmutations
  5328 | D:5      | Reached skill level 2 in Fire Magic
  5328 | D:5      | Reached skill level 2 in Ice Magic
  5328 | D:5      | Reached skill level 2 in Air Magic
  5328 | D:5      | Reached skill level 2 in Poison Magic
  5645 | D:6      | Reached skill level 5 in Stealth
  5660 | D:6      | HP: 6/56 [ice beast (12)]
  5661 | D:6      | Slain by a gnoll shaman

Vanquished Creatures
  A water moccasin (D:6)
  An ogre (D:4)
  2 scorpions
  A necrophage (D:5)
  A hound (D:5)
  4 iguanas
  Robin (D:3)
  2 gnolls (D:6)
  5 adders
  A shadow imp (D:5)
  A white imp (D:6)
  A worm (D:2)
  3 dart slugs
  4 orcs
  9 ball pythons
  9 bats
  5 endoplasms
  6 giant cockroaches
  5 hobgoblins
  4 jackals (D:1)
  4 quokkas
  2 frilled lizards (D:1)
  18 goblins
  4 kobolds
  4 rats
98 creatures vanquished.

Table legend:
 A = Non-vault XP
 B = Vault XP
 C = Vault XP percentage of total XP
 D = Non-vault monster count
 E = Vault monster count
 F = Vault count percentage of total count
                 A         B        C        D         E       F
            +---------+---------+-------+---------+---------+-------
      Total |     884 |      95 |   9.7 |      81 |      17 |  17.3
            +---------+---------+-------+---------+---------+-------
        D:1 |      49 |       4 |   7.5 |      28 |       2 |   6.7
        D:2 |      26 |      15 |  36.6 |      15 |       8 |  34.8
        D:3 |      93 |      15 |  13.9 |      19 |       1 |   5.0
        D:4 |     262 |      61 |  18.9 |       7 |       6 |  46.2
        D:5 |     269 |       0 |   0.0 |       8 |       0 |   0.0
        D:6 |     185 |       0 |   0.0 |       4 |       0 |   0.0
            +---------+---------+-------+---------+---------+-------

Illustrated notes

Table legend:
 A = Kills in this place as a percentage of kills in entire the game.
 B = Kills by you in this place as a percentage of kills by you in the entire game.
 C = Kills by friends in this place as a percentage of kills by friends in the entire game.
 D = Other kills in this place as a percentage of other kills in the entire game.
 E = Experience gained in this place as a percentage of experience gained in the entire game.
 F = Experience gained in this place divided by the number of levels of this place that you have seen.
                   A       B       C       D       E      F
               +-------+-------+-------+-------+-------+----------------------
         Total | 100.0 | 100.0 |   N/A |   N/A | 100.0 | 163.2
       Dungeon | 100.0 | 100.0 |   N/A |   N/A | 100.0 | 163.2
               +-------+-------+-------+-------+-------+----------------------

Table legend: (Time is in decaauts)
 A = Elapsed time spent in this place.
 B = Non-inter-level travel time spent in this place.
 C = Inter-level travel time spent in this place.
 D = Time resting spent in this place.
 E = Time spent auto-exploring this place.
 F = Levels seen in this place.
 G = Mean time per level.
                   A        B        C        D        E       F      G
               +--------+--------+--------+--------+--------+-----+--------+
         Total |   5776 |   5582 |    194 |    261 |   4402 |   6 |  962.7 |
       Dungeon |   5776 |   5582 |    194 |    261 |   4402 |   6 |  962.7 |
               +--------+--------+--------+--------+--------+-----+--------+

Top non-repeatable levels by time:
     D:1: 1491 daAuts
     D:4: 1340 daAuts
     D:3: 1304 daAuts
     D:5: 913 daAuts
     D:2: 502 daAuts
     D:6: 224 daAuts
